 Dungeon Crawl Stone Soup version 0.18-a0-1323-g706dcef (webtiles) character file.

16 GrosslyIncandescent the Insei (level 2, -3/24 HPs)
             Began as a Mummy Monk on Feb 15, 2016.
             Slain by an adder (4 damage)
             ... on level 2 of the Dungeon.
             The game lasted 00:00:52 (1304 turns).

GrosslyIncandescent the Insei (Mummy Monk)          Turns: 1304, Time: 00:00:52

Health: -3/24      AC:  2    Str: 14    XL:     2   Next: 41%
Magic:  2/2        EV: 13    Int:  9    God:
Gold:   41         SH:  0    Dex: 14    Spells: 0 memorised, 1 level left

rFire  x . .     SeeInvis .       - Unarmed
rCold  + . .     Gourm    .     (no armour)
rNeg   + + +     Faith    .     (no shield)
rPois  ∞         Spirit   .     (no helmet)
rElec  .         Dismiss  .     f - +0 cloak
rCorr  .         Reflect  .     (no gloves)
SustAt +         Harm     .     c - +0 pair of boots
MR     .....                    (no amulet)
Stlth  ++........               (no ring)
                                d - ring of sustain attributes

@: not resistant to hostile enchantments, unstealthy
A: no food or potions, fire vulnerability, cold resistance 1, negative energy
resistance 3, torment resistance, unbreathing
a: no special abilities


You were on level 2 of the Dungeon.
You were not hungry.

You visited 1 branch of the dungeon, and saw 2 of its levels.

You collected 41 gold pieces.


Innate Abilities, Weirdness & Mutations

You do not eat or drink.
Your flesh is vulnerable to fire.
You are immune to poison.
Your flesh is cold resistant.
You are immune to negative energy.
You are immune to unholy pain and torment.
You can survive without breathing.


   Skills:
 - Level 3.0 Fighting
 - Level 2.4 Dodging
 - Level 1.5 Stealth
 + Level 3.8 Unarmed Combat


You had one spell level left.
You didn't know any spells.

Inventory:

Armour
 c - a +0 pair of boots (worn)
 f - a +0 cloak (worn)
Jewellery
 d - a ring of sustain attributes (left hand)
Scrolls
 a - a scroll of identify {unknown}
 b - a scroll of blinking {unknown}
 e - a scroll of teleportation {unknown}

Dungeon Overview and Level Annotations

Branches:
Dungeon (2/15)

Altars:

........▒.▒▒▒▒▒▒▒▒
▒.▒▒▒▒▒.▒▒ ▒▒▒▒▒▒▒▒..▒
▒.▒ ▒..▒ ▒.▒ ▒..▒ ▒.▒
.▒▒▒▒▒▒▒▒▒▒.>▒ ▒.▒
.........▒▒..▒▒▒ ..▒
...............▒▒
.▒▒▒▒▒▒.........▒▒▒▒.▒
▒.........@S...▒
▒.........▒▒▒▒▒▒ ▒.▒
▒▒▒▒............▒ ▒.▒
..............▒▒.▒ ▒.▒
▒▒▒▒▒.........▒▒.▒ ▒.▒
▒.........▒▒.▒ ▒.▒
▒.........▒▒.▒▒▒▒ ▒.▒
▒...............▒ ▒.▒
▒▒▒▒▒.▒▒▒▒▒▒.▒..▒ ▒.▒


You could see an adder.


Message History

You are too injured to fight recklessly!
You are too injured to fight recklessly!
You are too injured to fight recklessly!
You are too injured to fight recklessly!
You are too injured to fight recklessly!
You are too injured to fight recklessly!
You are too injured to fight recklessly!
You are too injured to fight recklessly!
You are too injured to fight recklessly!
You are too injured to fight recklessly!
You are too injured to fight recklessly!
You are too injured to fight recklessly!
The worm is too close now for your liking.
(D) Dungeon
Where to? (Enter - D:2 @ (x,y), ? - help)
An adder comes into view.
You barely miss the adder. The adder completely misses you.
You miss the adder. The adder bites you.
* * * LOW HITPOINT WARNING * * *
You barely miss the adder. The adder closely misses you.
You barely miss the adder. The adder misses you. The adder bites you.
* * * LOW HITPOINT WARNING * * *
You hit the adder.
The adder is moderately wounded.
The adder bites you.
* * * LOW HITPOINT WARNING * * *
You hit the adder but do no damage.
The adder is moderately wounded.
The adder bites you.
You die...

Action                   || total
-------------------------++-------
Melee: Unarmed           ||    73
 Stab: Sleeping          ||     1

Vault maps used:
D:1:      dpeg_arrival_ternary
D:2:      grunt_temple_overflow_holy_war, first_bread

Notes
Turn   | Place    | Note
--------------------------------------------------------------
     0 | D:1      | GrosslyIncandescent the Mummy Monk began the quest for the Orb.
     0 | D:1      | Reached XP level 1. HP: 18/18 MP: 1/1
   468 | D:1      | Reached XP level 2. HP: 5/24 MP: 2/2
  1302 | D:2      | HP: 2/24 [adder (4)]
  1304 | D:2      | Slain by an adder

Vanquished Creatures
  2 giant cockroaches (D:1)
  A goblin (D:1)
  4 hobgoblins
  4 kobolds
  2 bats (D:1)
  A rat (D:1)
14 creatures vanquished.
